 Dungeon Crawl Stone Soup version 0.21.1-1-g345015f (webtiles) character file.

119 teukkam the Vexing (level 5, 0/40 HPs)
             Began as a Gnoll Wanderer on Feb 14, 2018.
             Slain by a leopard gecko (2 damage)
             ... on level 4 of the Dungeon.
             The game lasted 00:14:00 (3277 turns).

teukkam the Vexing (Gnoll Wanderer)                 Turns: 3277, Time: 00:14:00

Health: 0/40       AC:  3    Str: 15 (18) XL:     5   Next: 3%
Magic:  11/15      EV: 11    Int: 15 (17) God:
Gold:   129        SH:  0    Dex: 12 (14) Spells: 3/6 levels left

rFire    + . .     SeeInvis .   a - +0 short sword
rCold    + . .     Gourm    .   (no shield)
rNeg     . . .     Faith    .   l - +0 leather armour
rPois    +         Spirit   .   (no helmet)
rElec    +         Reflect  .   (no cloak)
rCorr    +         Harm     .   (no gloves)
MR       .....                  (no boots)
Stlth    +++.......             (no amulet)
HPRegen  0.13/turn              m - ring of magical power
MPRegen  0.14/turn              k - ring of stealth

@: mighty, resistant, flying, very slightly contaminated
A: distributed training, fangs 1, strong nose
a: no special abilities


You were on level 4 of the Dungeon.
You were not hungry.

You visited 1 branch of the dungeon, and saw 6 of its levels.

You collected 129 gold pieces.

Inventory:

Hand Weapons
 a - a +0 short sword (weapon)
 d - a +0 club
Missiles
 h - 16 stones (quivered)
Armour
 l - a +0 leather armour (worn)
 n - a +0 pair of boots
Jewellery
 g - a +1 ring of evasion
 k - a ring of stealth (right hand)
 m - a ring of magical power (left hand)
Scrolls
 c - a scroll of remove curse
 j - a scroll of random uselessness
Books
 e - a book of Geomancy

   Spells                             Type                      Level
   a - Sandblast                      Earth                        1
   b - Passwall                       Transmutation/Earth          2
   c - Stone Arrow                    Conjuration/Earth            3
   d - Petrify                        Transmutation/Earth          4
   e - Lee's Rapid Deconstruction     Earth                        5
 p - a book of Frost

   Spells                             Type                      Level
   a - Freeze                         Ice                          1
   b - Throw Frost                    Conjuration/Ice              2
   c - Ozocubu's Armour               Charms/Ice                   3
   d - Throw Icicle                   Conjuration/Ice              4
   e - Summon Ice Beast               Ice/Summoning                4
 s - a book of Cantrips

   Spells                             Type                      Level
   a - Confusing Touch                Hexes                        1
   b - Animate Skeleton               Necromancy                   1
   c - Summon Small Mammal            Summoning                    1
   d - Apportation                    Translocation                1
Comestibles
 f - 7 rations
 r - 3 chunks of flesh


   Skills:
 + Level 2.8 Fighting
 + Level 1.3 Short Blades
 + Level 1.3 Long Blades
 + Level 1.3 Axes
 + Level 1.3 Maces & Flails
 + Level 1.3 Polearms
 + Level 4.7 Staves
 + Level 1.3 Slings
 + Level 1.3 Bows
 + Level 1.3 Crossbows
 + Level 1.3 Throwing
 + Level 1.3 Armour
 + Level 1.3 Dodging
 + Level 2.6 Stealth
 + Level 2.8 Shields
 + Level 1.3 Unarmed Combat
 + Level 1.3 Spellcasting
 + Level 1.0 Conjurations
 + Level 5.5 Hexes
 + Level 1.0 Charms
 + Level 1.0 Summonings
 + Level 1.0 Necromancy
 + Level 1.0 Translocations
 + Level 3.9 Transmutations
 + Level 1.0 Fire Magic
 + Level 1.0 Ice Magic
 + Level 1.0 Air Magic
 + Level 1.0 Earth Magic
 + Level 1.0 Poison Magic
 + Level 1.4 Invocations
 + Level 1.3 Evocations


You had 3 spell levels left.
You knew the following spells:

 Your Spells              Type           Power        Failure   Level  Hunger
a - Passwall              Tmut/Erth      #.........   16%         2    ###....
b - Sandblast             Erth           #.....       19%         1    ##.....


Dungeon Overview and Level Annotations

Branches:
Dungeon (6/15)
 Temple: D:4-7

Altars:
Ru

Annotations:
D:2 Jessica, Natasha
D:3 teukkam's ghost, weakling GnWn


Innate Abilities, Weirdness & Mutations

Your experience applies equally to all skills.
You have very sharp teeth.
Your uncanny sense of smell can sniff out nearby items.


Message History

It was a potion of flight.
You feel very buoyant.
You fly up into the air.
The bullfrog hits you. The leopard gecko barely misses you.
The bullfrog hits you.
It was a potion of resistance.
You feel protected.
The leopard gecko bites you but does no damage.
The bullfrog hits you.
* * * LOW HITPOINT WARNING * * *
The leopard gecko bites you.
* * * LOW HITPOINT WARNING * * *
It was a potion of might.
You feel very mighty all of a sudden. The bullfrog hits you.
* * * LOW HITPOINT WARNING * * *
The bullfrog releases a deep croak.
The bullfrog hits you.
* * * LOW HITPOINT WARNING * * *
The leopard gecko bites you.
You die...

##... #8...
##...##
.......
....... ∆
#......##
........###
#..hF@#
#...l.#
#.....#
#...###
#...#
∆###.. #..
#..


You could see a bullfrog, a leopard gecko and a jackal.

Vanquished Creatures
  Natasha (D:2)
  A gnoll (D:1)
  3 adders
  An ooze (D:3)
  A dart slug (D:3)
  A leopard gecko (D:1)
  A giant cockroach (D:3)
  7 goblins
  4 hobgoblins (D:1)
  A jackal (D:5)
  A quokka (D:5)
  A ball python (D:5)
  12 bats
  2 frilled lizards (D:1)
  8 kobolds
  6 rats
51 creatures vanquished.

Notes
Turn   | Place    | Note
-------+----------+-------------------------------------------
     0 | D:1      | teukkam the Gnoll Wanderer began the quest for the Orb.
     0 | D:1      | teukkam set off with: a book of Geomancy, a potion of lignification, a +0 robe, a +0 club, a ration
     0 | D:1      | Reached XP level 1. HP: 17/17 MP: 1/1
    90 | D:1      | Reached XP level 2. HP: 6/23 MP: 2/2
   469 | D:1      | Learned a level 2 spell: Passwall
   807 | D:1      | Reached XP level 3. HP: 28/28 MP: 0/3
  1193 | D:2      | Noticed Natasha
  1217 | D:2      | Learned a level 1 spell: Sandblast
  1436 | D:1      | Reached skill level 1 in Invocations
  1691 | D:2      | Noticed Jessica
  1873 | D:2      | Killed Natasha
  1873 | D:2      | Reached skill level 1 in Short Blades
  1873 | D:2      | Reached skill level 1 in Long Blades
  1873 | D:2      | Reached skill level 1 in Axes
  1873 | D:2      | Reached skill level 1 in Maces & Flails
  1873 | D:2      | Reached skill level 1 in Polearms
  1873 | D:2      | Reached skill level 1 in Slings
  1873 | D:2      | Reached skill level 1 in Bows
  1873 | D:2      | Reached skill level 1 in Crossbows
  1873 | D:2      | Reached skill level 1 in Throwing
  1873 | D:2      | Reached skill level 1 in Armour
  1873 | D:2      | Reached skill level 1 in Dodging
  1873 | D:2      | Reached skill level 1 in Unarmed Combat
  1873 | D:2      | Reached skill level 1 in Spellcasting
  1873 | D:2      | Reached skill level 1 in Evocations
  1873 | D:2      | Reached XP level 4. HP: 19/34 MP: 0/5
  2133 | D:2      | Noticed Natasha
  2529 | D:3      | Found a sacrificial altar of Ru.
  2737 | D:3      | Reached skill level 1 in Conjurations
  2737 | D:3      | Reached skill level 1 in Charms
  2737 | D:3      | Reached skill level 1 in Summonings
  2737 | D:3      | Reached skill level 1 in Necromancy
  2737 | D:3      | Reached skill level 1 in Translocations
  2737 | D:3      | Reached skill level 1 in Fire Magic
  2737 | D:3      | Reached skill level 1 in Ice Magic
  2737 | D:3      | Reached skill level 1 in Air Magic
  2737 | D:3      | Reached skill level 1 in Earth Magic
  2737 | D:3      | Reached skill level 1 in Poison Magic
  2959 | D:3      | Noticed teukkam's ghost (weakling GnWn)
  3084 | D:3      | Reached XP level 5. HP: 35/40 MP: 6/6
  3148 | D:5      | Entered Level 5 of the Dungeon
  3259 | D:5      | Noticed a sky beast
  3277 | D:4      | HP: 2/40 [bullfrog (2)]
  3277 | D:4      | Slain by a leopard gecko

Skill      XL: |  1  2  3  4 |
---------------+-------------+-----
Invocations    | 1 |  1.4
Short Blades   | 1 |  1.3
Long Blades    | 1 |  1.3
Axes           | 1 |  1.3
Maces & Flails | 1 |  1.3
Polearms       | 1 |  1.3
Slings         | 1 |  1.3
Bows           | 1 |  1.3
Crossbows      | 1 |  1.3
Throwing       | 1 |  1.3
Armour         | 1 |  1.3
Dodging        | 1 |  1.3
Unarmed Combat | 1 |  1.3
Spellcasting   | 1 |  1.3
Evocations     | 1 |  1.3
Conjurations   | 1 |  1.0
Charms         | 1 |  1.0
Summonings     | 1 |  1.0
Necromancy     | 1 |  1.0
Translocations | 1 |  1.0
Fire Magic     | 1 |  1.0
Ice Magic      | 1 |  1.0
Air Magic      | 1 |  1.0
Earth Magic    | 1 |  1.0
Poison Magic   | 1 |  1.0
Fighting       | |  2.8
Staves         | |  4.7
Stealth        | |  2.6
Shields        | |  2.8
Hexes          | |  5.5
Transmutations | |  3.9

Action                   |  1- 3 |  4- 6 || total
-------------------------+-------+-------++-------
Melee: Club              |    23 |       ||    23
       Bite              |     5 |     5 ||    10
       Short sword       |    73 |    41 ||   114
 Cast: Passwall          |    10 |     4 ||    14
       Sandblast         |     6 |    16 ||    22
  Use: Potion            |     2 |     4 ||     6
       Scroll            |       |     2 ||     2
 Stab: Sleeping          |    12 |     4 ||    16
  Eat: Chunk             |     2 |     1 ||     3
       Ration            |     1 |     1 ||     2
Armor: Robe              |    15 |       ||    15
       Skin              |     1 |       ||     1
       Leather armour    |     2 |    21 ||    23
Dodge: Dodged            |    62 |    43 ||   105
